Map: King Sejong Station LE

Players

Gemini

  • Race: Protoss Protoss
  • League: Master
  • Spawn Location: 5:00

A.I. 1 (Very Easy) - Winner!

  • Race: Terran Terran
  • Spawn Location: 11:00

VOD

Have the link to the VOD?

Description

Time

  • Played on: Oct. 17, 2016, 9:28 p.m.
  • Length: 7:23
Show
View Real Time Build Order
Export as new Build Order

Gemini Protoss 

Build Orders: 1 Gate Expand, Blink Stalkers 

Get SALT Encoding   

  12  0:01  Probe (Chrono Boost)  
  13  0:11  Probe (Chrono Boost)  
  14  0:18  Pylon  
  14  0:22  Probe (Chrono Boost)  
  15  0:36  Gateway, Probe (Chrono Boost)  
  16  0:44  Assimilator  
  16  0:46  Probe (Chrono Boost)  
  17  0:57  Probe (Chrono Boost)  
  18  1:08  Probe (Chrono Boost)  
  19  1:21  Nexus  
  19  1:25  Probe (Chrono Boost)  
  20  1:36  Cybernetics Core  
  20  1:38  Probe (Chrono Boost)  
  21  1:45  Assimilator  
  21  1:49  Probe (Chrono Boost)  
  21  1:54  Pylon  
  22  1:59  Probe (Chrono Boost)  
  23  2:12  Probe (Chrono Boost)  
  23  2:13  Warp Gate, Stalker (Chrono Boost)  
  26  2:23  Probe  
  27  2:30  Robotics Facility  
  27  2:37  Probe (Chrono Boost)  
  27  2:38  Mothership Core (Chrono Boost)  
  30  2:49  Probe (Chrono Boost)  
  31  2:57  Probe (Chrono Boost)  
  32  3:00  Probe (Chrono Boost)  
  32  3:02  Twilight Council  
  33  3:08  Probe (Chrono Boost)  
  33  3:09  Stalker  
  33  3:11  Probe (Chrono Boost)  
  38  3:20  Observer (Chrono Boost), Probe x2 (Chrono Boost)  
  40  3:31  Probe  
  40  3:32  Probe  
  42  3:34  Gateway x2  
  42  3:42  Pylon  
  42  3:46  Probe  
  42  3:47  Blink (Chrono Boost)  
  42  3:48  Probe  
  44  3:57  Probe  
  44  3:59  Assimilator  
  44  4:01  Observer  
  46  4:06  Probe  
  46  4:07  Probe  
  46  4:09  Pylon  
  48  4:18  Probe x2  
  50  4:24  Nexus  
  50  4:25  Observer  
  50  4:26  Pylon  
  50  4:28  Probe  
  50  4:30  Probe  
  53  4:33  Forge  
  53  4:39  Probe  
  53  4:40  Stalker  
  53  4:42  Probe  
  57  4:48  Assimilator  
  57  4:51  Observer  
  57  4:52  Probe  
  58  4:54  Probe  
  58  4:56  Sentry  
  58  4:57  Sentry  
  64  5:03  Protoss Ground Armor Level 1, Probe  
  64  5:06  Pylon  
  64  5:07  Probe  
  66  5:12  Pylon  
  66  5:14  Probe  
  66  5:19  Pylon, Probe  
  68  5:25  Immortal (Chrono Boost), Probe  
  73  5:28  Pylon  
  73  5:31  Probe  
  74  5:35  Probe  
  74  5:36  Resonating Glaives (Chrono Boost), Probe  
  74  5:39  Sentry  
  74  5:40  Stalker x2  
  82  5:43  Probe  
  82  5:47  Probe  
  82  5:48  Probe  
  85  5:55  Probe  
  86  5:57  Gateway  
  86  5:58  Gateway  
  86  6:00  Gateway  
  86  6:01  Probe x2  
  88  6:07  Probe  
  88  6:08  Immortal (Chrono Boost)  
  93  6:13  Probe x2  
  95  6:21  Assimilator, Probe  
  95  6:24  Pylon  
  96  6:25  Assimilator  
  96  6:29  Adept x3  
  96  6:30  Pylon  
  96  6:31  Probe x2  
  104  6:33  Probe  
  104  6:38  Photon Cannon  
  105  6:42  Photon Cannon x2  
  105  6:45  Immortal (Chrono Boost)  
  109  6:53  Adept x2  
  113  6:54  Stalker  
  113  6:55  Stalker  
  113  7:01  Adept x2  
  121  7:14  Pylon, Templar Archives  
  121  7:15  Forge  
  121  7:21  Adept x2  
  129  7:23  Pylon  
Show
View Real Time Build Order
Export as new Build Order

A.I. 1 (Very Easy) Terran - Winner!

Build Orders:  

Get SALT Encoding   

  12  0:00  SCV  
  13  0:13  SCV  
  14  0:18  Supply Depot  
  14  0:37  Refinery  
  14  0:41  Barracks  
  14  1:05  Supply Depot  
  14  1:11  Refinery  
  14  1:30  Orbital Command, Marine  
  15  1:55  SCV  
  16  2:07  SCV  
  17  2:12  Marine  
  18  2:19  SCV  
  19  2:31  SCV, Barracks Tech Lab  
  20  2:43  SCV  
  21  2:55  SCV, Marauder  
  24  6:08  SCV  
  24  6:26  SCV  
  24  6:27  Marine  
  24  6:30  Supply Depot  
  24  6:32  Factory  
  26  6:35  Command Center  
  26  6:38  SCV  
  27  6:51  SCV  
  28  6:54  Supply Depot  
  28  6:59  Marine  
  29  7:03  SCV  
  26  7:16  Starport  
Tags
 
Add a new tag
Caveats
  • Supply blocks, unpowered buildings, or Contaminate may cause inaccurate times.
  • Supply counts are checked every 10 seconds.